AoeStats
← Alexis

Arena

509998911Analyzed
1v1 RM · 4d ago on Sep 29, 2026· 25m 54s· 2 players
Game mode
Random Map
Map size
Tiny (2 player)
Population
200
Speed
Normal
Resources
Standard
Victory
Conquest
Starting age
Dark Age
Ending age
Imperial Age
RankedLock teamsTeams togetherTeam positionsShared explorationLock speedFull tech treeHidden civsTurbo modeCheats
Victory
Defeat
🇺🇸 Turks · United States
792
+16
🇨🇱 Saxons · Chile
782
-16
Alexis
12:30 Feudal Age
17:33 Castle Age
19:25 Double-Bit Axe
20:45 Fletching
23:17 Loom
23:43 Horse Collar
rockstar_vb
12:24 Feudal Age
17:15 Castle Age
18:20 Horse Collar
22:02 Imperial Age
23:42 Padded Archer Armor
25:18 Wheelbarrow
Connection lost

Rejoining the realm…

Still unreachable

The connection could not be restored.

Session expired

The server has moved on; the page needs a fresh start.